 Dungeon Crawl Stone Soup version 0.14-a0-882-gdff4d47 (webtiles) character file.

324309 wolfram2 the Fetichist (level 21, -53/181 HPs)
             Began as a Demonspawn Monk on Nov 12, 2013.
             Was the Champion of Nemelex Xobeh.
             Annihilated by an Ice Fiend (88 damage)
             ... created by a card of wild magic
             ... on Level 2 of the Shoals on Nov 17, 2013.
             The game lasted 08:49:24 (61261 turns).

wolfram2 the Fetichist (Demonspawn Monk)           Turns: 61261, Time: 08:49:26

HP -53/181       AC 27     Str 18      XL: 21   Next:  3%
MP   0/43        EV 18     Int 19      God: Nemelex Xobeh [******]
Gold 503         SH 12     Dex 22      Spells:  2 memorised, 24 levels left

Res.Fire  : + + .   See Invis. : +     - Unarmed
Res.Cold  : x . .   Warding    : .   S - +1 fire dragon armour
Life Prot.: . . .   Conserve   : .   f - +2 dwarf buckler {AC+3}
Res.Poison: +       Res.Corr.  : .   (helmet unavailable)
Res.Elec. : .       Clarity    : .   X - +2 orc cloak {MR+}
Sust.Abil.: . .     Spirit.Shd : +   L - +0 pair of gauntlets {Str+3}
Res.Mut.  : .       Stasis     : .   p - +2 pair of boots (curse)
Res.Rott. : .       Flight     : +   h - amulet of guardian spirit
Saprovore : . . .                    i - ring of Shrok {+Blink +Inv rPois MP+9 Str+2}
                                     H - ring of flight

@: agile, flying, very resistant to hostile enchantments, stealthy
A: antennae 3, -10% mp, powered by pain 3, regeneration 1, +10% hp, slow
metabolism 1, spiny 2, AC +4
a: Draw One, Peek at Two, Triple Draw, Deal Four, Stack Five, Renounce Religion,
Evoke Blink, Evoke Invisibility, Stop Flying
}: 1/15 runes: gossamer


You were on level 2 of the Shoals.
You worshipped Nemelex Xobeh.
Nemelex Xobeh was exalted by your worship.
You were hungry.

You visited 6 branches of the dungeon, and saw 38 of its levels.
You visited 1 bazaar.
You also visited: Labyrinth, Ossuary, Bailey and Ice Cave.

You collected 3415 gold pieces.
You spent 2899 gold pieces at shops.

Inventory:

Armour
 f - a +2 dwarven buckler of protection (worn)
 p - a cursed +2 pair of boots (worn)
 L - a +0 pair of gauntlets of strength (worn)
 S - a +1 fire dragon armour (worn)
 X - a +2 orcish cloak of magic resistance (worn)
Magical devices
 g - a wand of lightning (3)
 o - a wand of disintegration (4)
 r - a wand of digging (9)
 u - a wand of disintegration (13)
 G - a wand of fireball (1)
 K - a wand of hasting (4)
 N - a wand of fire (0)
 P - a wand of teleportation (4)
 U - a wand of digging (15)
Comestibles
 y - 8 bread rations
 z - a meat ration
 E - 4 pieces of ambrosia
Scrolls
 n - 4 scrolls of remove curse
 s - a scroll of blinking
 t - 8 scrolls of teleportation
 x - 5 scrolls of fog
 A - a scroll of identify
 M - 3 scrolls of fear
 R - a scroll of magic mapping
Jewellery
 h - an amulet of guardian spirit (around neck)
 i - the ring of Shrok (right hand) {+Blink +Inv rPois MP+9 Str+2}
   (You bought it in a shop on level 12 of the Dungeon)

   [ring of magical power]

   It affects your strength (+2).
   It protects you from poison.
   It lets you turn invisible.
   It lets you blink.
 F - the ring of Lies {MR Dex+4 Dam+4}
   (You found it in an ice cave)

   [ring of protection from magic]

   It affects your dexterity (+4).
   It affects your damage-dealing abilities (+4).
 H - a ring of flight (left hand)
 O - a cursed ring of teleportation
 V - an uncursed amulet of clarity
Potions
 k - a potion of magic
 l - 3 potions of agility
 m - a potion of porridge
 w - 2 potions of might
 J - 5 potions of heal wounds
 Q - 4 potions of resistance
 W - 8 potions of curing
Books
 q - a book of Fire

   Spells                             Type                      Level
   Fire Brand                         Charms/Fire                  2
   Ignite Poison                      Fire/Transmutation           5
   Fireball                           Conjuration/Fire             5
   Bolt of Fire                       Conjuration/Fire             6
   Delayed Fireball                   Conjuration/Fire             7
   Ring of Flames                     Charms/Fire                  7
Miscellaneous
 a - a lamp of fire
 b - a disc of storms
 c - a box of beasts
 d - a sack of spiders
 e - a bottled efreet
 j - a legendary deck of destruction {drawn: 10}
 v - a legendary deck of summonings {the Crusade, drawn: 1}
 B - a legendary deck of wonders {drawn: 10}
 C - a legendary deck of escape {Swap, drawn: 4}
 D - a legendary deck of escape {Warpwright, drawn: 1}
 I - a legendary deck of escape {drawn: 1}
 T - an ornate deck of destruction
 Y - a plain deck of changes {drawn: 4}
Rods
 Z - a +1 rod of destruction (11/11)
   (You found it in a labyrinth)


   Skills:
 - Level 15.0 Fighting
 - Level 8.0 Armour
 - Level 8.7 Dodging
 - Level 4.1 Stealth
 + Level 18.0 Unarmed Combat
 - Level 4.0 Spellcasting
   Level 3.6 Conjurations
 - Level 4.0 Charms
 - Level 4.0 Translocations
 + Level 1.6 Air Magic
 + Level 19.0 Evocations


You had 24 spell levels left.
You knew the following spells:

 Your Spells              Type           Power        Failure   Level  Hunger
a - Blink                 Tloc           N/A          24%         2    #......
b - Swiftness             Chrm/Air       ##........   43%         2    #......


Dungeon Overview and Level Annotations

Branches:
Dungeon (18/27)            Temple (1/1) D:6             Orc (4/4) D:11
    Elf (0/3) Orc:4          Lair (8/8) D:9          Shoals (2/5) Lair:3
 Spider (5/5) Lair:6        Slime (0/6) Lair:8       Vaults (0/5) D:15
    Zot: D:6         Depths: D:16

Altars:
Ashenzari
Cheibriados
Elyvilon
Fedhas
Kikubaaqudgha
Makhleb
Nemelex Xobeh
Okawaru
Sif Muna
Trog
Vehumet
Xom
Yredelemnul
Zin
the Shining One

Shops:
D:10 (   D:12 +=/((   D:18 /[/   Orc:1 *   Orc:4 /**%   Shoals:1 *

Portals:
Ziggurat: Lair:1 (9210 gp)
Trove: D:13 (give 15 scrolls of teleportation)

Annotations:
D:6 exclusion: inept feature mimic
Orc:2 exclusion: oklob plant


Innate Abilities, Weirdness & Mutations

You have a pair of large antennae on your head (SInv).
You are completely covered in slimy green scales (AC +4, rPois).
You are powered by pain.
You are robust (+10% HP).
You are mostly covered in sharp spines.
Your magical capacity is low (-10% MP).
Your natural rate of healing is unusually fast.
You have a slow metabolism.


Message History

The Ice Fiend claws you but does no damage.
You closely miss the Ice Fiend.
The Ice Fiend is lightly wounded.
The Ice Fiend calls on the powers of darkness!
Your body is wracked with pain!
Press: ? - help, v - describe, . - travel
Here: an Ice Fiend (lightly wounded, durably summoned)
The floor.
Unknown command.
Unknown command.
Unknown command.
Drink which item? (? for menu, Esc to quit)
You feel much better. The Ice Fiend claws you. The Ice Fiend freezes you!
You feel a terrible chill!
* * * LOW HITPOINT WARNING * * *
The Ice Fiend claws you!
* * * LOW HITPOINT WARNING * * *
The Ice Fiend freezes you!
You feel a terrible chill!
You die...
Your body glows with a rainbow of weird colours and disappears.

≈≈≈≈≈≈≈.......≈≈≈≈.....≈≈≈≈
≈≈≈≈≈≈≈...≈≈≈≈.........≈≈≈≈≈
≈≈≈≈≈≈≈≈≈≈≈≈.#####.≈≈≈≈≈≈≈≈≈
≈≈≈≈≈≈≈≈≈≈≈.## #..≈≈≈≈≈≈≈≈
≈≈≈≈≈P≈≈.P..# ##...≈≈≈≈≈≈
≈≈≈≈≈≈ P.≈.## ####....≈≈≈≈..
≈.≈.. ≈≈. ##........≈≈..≈
..### P. #..=1..###..##. ≈.#
##?@...# .## ≈.# #.....# #
≈.. #.##### ≈≈. ### { ≈≈≈ ≈≈
≈≈ ≈≈ ≈


You could see an Ice Fiend.

Vanquished Creatures
  Donald (Shoals:1)
  2 ghost moths (Spider:5)
  2 emperor scorpions (Spider:5)
  Snorg (Spider:2)
  A ravenous feature mimic (Lair:8)
  Fannar (Lair:1)
  5 hydras
  Nessos (D:12)
  Erica (D:12)
  5 death yaks
  Urug (Shoals:1)
  An orc high priest (Lair:1)
  A dancing weapon (D:15)
  3 centaur warriors
  A catoblepas (Lair:8)
  10 skeletal warriors
  A flayed ghost (D:18)
  5 unseen horrors
  4 giant amoebae
  An ice statue (D:16)
  15 hill giants
  26 wolf spiders
  Joseph (D:12)
  5 griffons
  3 orc knights
  4 cyclopes
  4 red wasps
  3 spiny worms
  6 elephants
  4 octopodes
  A spriggan druid (Lair:7)
  7 black mambas
  19 jumping spiders
  Psyche (Orc:1)
  A yaktaur (shapeshifter) (D:18)
  10 spiny frogs
  A vapour (D:16)
  A feature mimic (D:13)
  A mermaid (shapeshifter) (D:17)
  9 yaktaurs
  11 demonic crawlers
  2 giant fireflies (D:15)
  5 formicid drones
  9 komodo dragons
  Sonja (D:12)
  A hydra zombie (D:17)
  13 trolls
  16 orb spiders
  19 blink frogs
  Prince Ribbit (D:7)
  A formicid venom mage (Spider:5)
  3 boulder beetles
  A hydra skeleton (D:12)
  7 two-headed ogres
  5 slime creatures
  A snapping turtle (Shoals:1)
  9 tarantellas
  36 redbacks
  2 grizzly bears
  7 basilisks
  A brown ooze (Lair:8)
  24 trapdoor spiders
  9 sharks
  32 ugly things
  A redback (shapeshifter) (D:18)
  2 wraiths
  8 water elementals
  5 shadows
  A hog (Spider:2)
  5 merfolk
  Eustachio (Orc:2)
  An elephant slug (Lair:6)
  2 hill giant zombies (D:18)
  7 wyverns
  4 wandering mushrooms
  49 yaks
  Grum (Orc:1)
  3 hungry ghosts
  14 hippogriffs
  17 vampire mosquitoes
  4 manticores
  Menkaure (D:5)
  5 rock worms
  2 fire elementals (Spider:1)
  2 soldier ants
  21 wolves
  2 mottled dragons
  9 porcupines
  3 black bears
  15 orc warriors
  17 ice beasts
  2 nagas (D:14)
  4 phantoms
  6 scorpions
  6 sky beasts
  14 centaurs
  2 boring beetles
  4 giant goldfish
  8 crocodiles
  18 ogres
  A komodo dragon zombie (D:18)
  4 yellow wasps
  Sigmund (D:5)
  A big kobold (D:17)
  2 wargs
  18 giant frogs
  A chimera (Spider:3)
  10 giant slugs
  Blork the orc (Orc:4)
  6 agate snails
  2 cyclops zombies (D:15)
  A formicid (Spider:5)
  17 water moccasins
  A cyclops skeleton (D:14)
  15 killer bees
  A manticore skeleton (D:13)
  An eye of draining (D:14)
  5 jellyfish
  A troll zombie (D:11)
  3 electric eels
  11 crimson imps
  A quasit (D:14)
  4 goliath beetles
  13 orc priests
  10 big fish
  8 hounds
  8 iguanas
  20 spiders
  A centaur skeleton (D:5)
  2 jellies
  A gnoll shaman (D:8)
  9 orc wizards
  14 worker ants
  A killer bee zombie (D:12)
  A mottled dragon zombie (D:12)
  14 sheep
  Jessica (D:2)
  A big kobold skeleton (D:8)
  An ogre zombie (D:11)
  A crocodile skeleton (D:11)
  3 big kobold zombies (Ossuary)
  2 mummies (Ossuary)
  Terence (D:3)
  18 gnolls
  32 adders
  8 giant centipedes
  38 green rats
  3 giant mites
  An inept feature mimic (D:6)
  9 worms
  A human zombie (Ossuary)
  An iguana zombie (D:9)
  An iguana skeleton (D:11)
  A giant eyeball (D:6)
  4 giant geckos
  3 oozes
  101 orcs
  25 bats
  A bat skeleton (D:4)
  6 giant cockroaches
  24 goblins
  18 hobgoblins
  10 quokkas
  3 giant newts
  3 giant spores
  A goblin skeleton (D:11)
  3 goblin zombies
  4 hobgoblin skeletons
  A hobgoblin zombie (Ossuary)
  An illusory rakshasa (D:17)
  19 jackals
  24 kobolds
  A kobold skeleton (D:6)
  An orc skeleton (D:1)
  7 orc zombies
  A quokka skeleton (D:5)
  16 rats
  10 ballistomycetes
  A bush (Lair:8)
  8 fungi
  8 plants
1289 creatures vanquished.

Vanquished Creatures (collateral kills)
  A bone dragon (Shoals:2)
  Polyphemus (Shoals:2)
  Kirke (Spider:2)
  Gastronok (D:12)
  An emperor scorpion (Spider:5)
  2 elemental wellsprings
  Azrael (Spider:1)
  A minotaur (Lab)
  A fire dragon (D:15)
  Josephine (D:11)
  5 hydras
  7 death yaks
  2 ogre magi
  A deep troll shaman (Lair:8)
  A rakshasa (D:17)
  5 very ugly things
  2 centaur warriors
  2 catoblepae
  Nergalle (D:17)
  2 unseen horrors
  A sea snake (Shoals:1)
  A lindwurm (Lair:8)
  3 ice statues (IceCv)
  5 hill giants
  5 orc knights
  A griffon (D:13)
  A cyclops (D:14)
  A wolf spider zombie (D:16)
  A stone giant zombie (D:16)
  A swamp dragon (shapeshifter) (D:9)
  A moth of wrath (Spider:5)
  2 black mambas (Lair:8)
  7 wolf spiders
  16 red wasps
  A guardian serpent (shapeshifter) (D:17)
  Maurice (D:11)
  An octopode (Shoals:1)
  8 elephants
  An item mimic (Bailey)
  The ghost of Daniel the Spear-Bearer, an experienced MfGl of Makhleb (D:7)
  A vapour (D:17)
  A spiny frog (Lair:6)
  A demonic crawler (Spider:3)
  A yaktaur (D:16)
  A formicid drone (Spider:5)
  A jumping spider (shapeshifter) (D:17)
  An orb spider (Spider:5)
  3 trolls
  6 giant fireflies
  A polar bear (D:16)
  7 jumping spiders
  A komodo dragon (Lair:8)
  A two-headed ogre (D:15)
  9 slime creatures
  A snapping turtle (Shoals:1)
  A boulder beetle (Lair:8)
  A trapdoor spider zombie (D:14)
  A griffon zombie (D:16)
  A brown ooze (Lair:8)
  2 grizzly bears (Lair:8)
  A shark (D:17)
  22 ugly things
  20 blink frogs
  4 basilisks
  11 redbacks
  A wyvern (D:14)
  2 wraiths
  6 trapdoor spiders (Spider:5)
  A hill giant zombie (D:13)
  9 tarantellas
  2 water elementals (D:17)
  28 yaks
  A hippogriff (Shoals:1)
  3 fire elementals (Spider:1)
  15 vampire mosquitoes
  A hog (Spider:2)
  3 merfolk (Shoals:1)
  3 hungry ghosts
  A rock worm (Spider:3)
  5 wolves
  2 porcupines
  Edmund (D:7)
  11 ice beasts
  A soldier ant (D:11)
  3 hell hounds (Spider:1)
  A giant goldfish (D:16)
  7 yellow wasps
  2 phantoms
  24 orc warriors
  A boring beetle (Orc:1)
  12 centaurs
  2 ogres
  A big kobold (D:12)
  Duvessa (D:6)
  2 crocodiles (D:9)
  A giant slug (D:9)
  A wandering mushroom (D:17)
  A formicid (Spider:2)
  2 giant frogs
  2 agate snails
  5 insubstantial wisps
  A troll zombie (D:11)
  8 killer bees (D:10)
  A hippogriff skeleton (D:11)
  A goliath beetle (D:11)
  Dowan (D:6)
  A spider (Lair:6)
  A hound (D:7)
  A water moccasin zombie (D:6)
  A centaur skeleton (D:11)
  8 orc priests
  A giant slug simulacrum (D:16)
  2 iguanas
  A jelly (D:8)
  2 scorpions
  A giant frog skeleton (D:11)
  An orange rat (Spider:5)
  11 orc wizards
  A quasit (D:10)
  A worker ant (D:8)
  A shapeshifter simulacrum (D:16)
  8 sheep
  Ijyb (D:7)
  6 ogre zombies
  2 mummies (Ossuary)
  A worker ant zombie (D:11)
  5 gnolls
  4 green rats
  A white imp (D:16)
  An ufetubus (D:16)
  A giant centipede zombie (D:14)
  A giant gecko (D:10)
  An ooze (D:6)
  48 orcs
  3 bats
  2 goblins
  2 hobgoblins (Bailey)
  3 jackals (Lair:2)
  A quokka (D:8)
  A goblin skeleton (D:11)
  3 goblin zombies
  A hobgoblin skeleton (D:11)
  A hobgoblin zombie (D:11)
  6 illusory rakshasas (D:17)
  20 kobolds
  An orc skeleton (D:11)
  9 orc zombies (D:11)
  A rat (D:12)
  A spectral orc (D:17)
  2 ballistomycetes
  A fungus (Lair:8)
  2 plants
548 creatures vanquished.

Vanquished Creatures (others)
  An Executioner (D:16)
  4 dancing weapons
  4 very ugly things
  A skeletal warrior (Spider:5)
  2 shadow demons
  8 red wasps
  3 elephants
  A vapour (D:16)
  A spiny frog (D:17)
  3 fire elementals (Spider:3)
  A tormentor (D:14)
  8 komodo dragons (Shoals:2)
  A smoke demon (Lair:8)
  3 giant fireflies
  3 polar bears
  A hydra skeleton (D:18)
  3 grizzly bears
  A basilisk (D:12)
  A ynoxinul (D:16)
  2 tarantellas (Spider:5)
  An ice dragon skeleton (D:17)
  6 ugly things
  4 yaks
  21 vampire mosquitoes
  2 wolves
  3 black bears
  11 yellow wasps
  A phantom (D:6)
  A giant frog (D:16)
  2 agate snails
  7 insubstantial wisps
  2 hounds
  An iron imp (D:6)
  A scorpion (Spider:4)
  3 orange rats
  4 sheep
  A lemure (D:8)
  A shadow imp (Spider:3)
  An ufetubus (D:16)
  An adder skeleton (D:6)
  An iguana skeleton (D:10)
  A giant spore (D:12)
  A kobold skeleton (D:6)
  A rat skeleton (D:8)
  2 butterflies
  9 fungi
  3 plants (Lair:8)
144 creatures vanquished.

Grand Total: 1981 creatures vanquished

Notes
Turn   | Place    | Note
--------------------------------------------------------------
     0 | D:1      | wolfram2, the Demonspawn Monk, began the quest for the Orb.
     0 | D:1      | Reached XP level 1. HP: 16/16 MP: 0/0
   185 | D:1      | Reached skill level 4 in Unarmed Combat
   185 | D:1      | Gained mutation: You are partially covered in slimy green scales (AC +2). [demonic ancestry]
   185 | D:1      | Reached XP level 2. HP: 6/22 MP: 1/1
   685 | D:1      | Reached XP level 3. HP: 28/28 MP: 2/2
  1670 | D:2      | Noticed Jessica
  1676 | D:2      | Killed Jessica
  1676 | D:2      | Reached skill level 5 in Unarmed Combat
  1676 | D:2      | Gained mutation: You are mostly covered in slimy green scales (AC +3). [demonic ancestry]
  1676 | D:2      | Reached XP level 4. HP: 32/34 MP: 3/3
  1918 | D:2      | Found a shimmering altar of Xom.
  2452 | D:2      | Found a basalt altar of Yredelemnul.
  2705 | D:2      | Found a sparkling altar of Nemelex Xobeh.
  2706 | D:2      | Found a burning altar of Makhleb.
  2717 | D:2      | Became a worshipper of Nemelex Xobeh
  2717 | D:2      | Received a gift from Nemelex Xobeh
  2717 | D:2      | Acquired Nemelex Xobeh's first power
  2740 | D:2      | Acquired Nemelex Xobeh's second power
  2828 | D:2      | Reached XP level 5. HP: 39/39 MP: 4/4
  2838 | D:2      | Reached skill level 1 in Evocations
  2903 | D:3      | Noticed Terence
  2930 | D:3      | Killed Terence
  3135 | D:3      | Found a glowing silver altar of Zin.
  3425 | D:3      | Received a gift from Nemelex Xobeh
  3483 | D:3      | Reached skill level 6 in Unarmed Combat
  3984 | D:4      | Acquired Nemelex Xobeh's third power
  4467 | D:4      | Got an iridescent whip
  4484 | D:4      | Received a gift from Nemelex Xobeh
  4489 | D:4      | Identified the +6,+2 whip of Strategic Superiority {flame, +Fly rN+} (You found it on level 4 of the Dungeon)
  4489 | D:4      | Identified the +6,+2 whip of Strategic Superiority {flame, +Fly rN+} (You found it on level 4 of the Dungeon)
  4515 | D:4      | Gained mutation: You have a pair of small antennae on your head. [demonic ancestry]
  4515 | D:4      | Reached XP level 6. HP: 46/46 MP: 7/7
  4859 | D:4      | Noticed an ogre
  4863 | D:4      | Killed an ogre
  4885 | D:4      | Acquired Nemelex Xobeh's fourth power
  4885 | D:4      | Received a gift from Nemelex Xobeh
  5259 | D:5      | Entered Level 5 of the Dungeon
  5472 | D:5      | Received a gift from Nemelex Xobeh
  5475 | D:5      | Gained mutation: You are partially covered in sharp spines. [demonic ancestry]
  5475 | D:5      | Reached XP level 7. HP: 32/51 MP: 5/10
  5648 | D:5      | Noticed Menkaure
  5649 | D:5      | Killed Menkaure
  5723 | D:5      | Reached skill level 7 in Unarmed Combat
  5723 | D:5      | Reached skill level 5 in Evocations
  5845 | D:5      | Received a gift from Nemelex Xobeh
  6022 | D:5      | Got a jewelled quarterstaff
  6023 | D:5      | Identified the +9,+5 quarterstaff of Integrity {crush, +Fly rN+} (You found it on level 5 of the Dungeon)
  6023 | D:5      | Identified the +9,+5 quarterstaff of Integrity {crush, +Fly rN+} (You found it on level 5 of the Dungeon)
  6365 | D:5      | Acquired Nemelex Xobeh's fifth power
  6384 | D:5      | Received a gift from Nemelex Xobeh
  6621 | D:5      | Gained mutation: You are completely covered in slimy green scales (AC +4, rPois). [demonic ancestry]
  6621 | D:5      | Reached XP level 8. HP: 45/58 MP: 5/14
  6728 | D:5      | Received a gift from Nemelex Xobeh
  6866 | D:5      | Noticed Sigmund
  6869 | D:5      | Killed Sigmund
  6958 | D:6      | Reached skill level 8 in Unarmed Combat
  7004 | D:6      | Received a gift from Nemelex Xobeh
  7044 | D:6      | Noticed a griffon
  7209 | D:6      | Received a gift from Nemelex Xobeh
  7297 | D:6      | Found a glowing golden altar of the Shining One.
  7745 | D:6      | Received a gift from Nemelex Xobeh
  7764 | D:6      | Noticed Dowan
  7766 | D:6      | Noticed Duvessa
  7774 | D:6      | Killed Dowan
  7777 | D:6      | Killed Duvessa
  8442 | D:6      | Found a staircase to the Ecumenical Temple.
  8452 | Temple   | Entered the Ecumenical Temple
  8749 | D:7      | Noticed Daniel's ghost (experienced MfGl)
  8769 | D:7      | Reached skill level 9 in Unarmed Combat
  8769 | D:7      | Reached XP level 9. HP: 57/63 MP: 17/19
  8793 | D:7      | Killed Daniel's ghost
  8815 | D:7      | Noticed Prince Ribbit
  8822 | D:7      | Killed Prince Ribbit
  8823 | D:7      | Noticed Ijyb
  8828 | D:7      | Killed Ijyb
  8941 | D:7      | Noticed Edmund
  8943 | D:7      | Received a gift from Nemelex Xobeh
  8952 | D:7      | Killed Edmund
  9034 | D:7      | Found a sand-covered staircase.
  9046 | Ossuary  | Entered an ossuary
  9121 | Ossuary  | Received a gift from Nemelex Xobeh
  9505 | D:7      | Received a gift from Nemelex Xobeh
  9820 | D:8      | Received a gift from Nemelex Xobeh
 10016 | D:8      | Received a gift from Nemelex Xobeh
 10045 | D:8      | Reached skill level 10 in Unarmed Combat
 10090 | D:8      | Reached skill level 10 in Evocations
 10093 | D:8      | Received a gift from Nemelex Xobeh
 10416 | D:8      | Received a gift from Nemelex Xobeh
 10448 | D:8      | Gained mutation: You sometimes gain a little power by taking damage. [demonic ancestry]
 10448 | D:8      | Reached XP level 10. HP: 69/69 MP: 22/22
 11016 | D:9      | Received a gift from Nemelex Xobeh
 11697 | D:9      | Received a gift from Nemelex Xobeh
 11943 | D:9      | Received a gift from Nemelex Xobeh
 12000 | D:9      | Reached skill level 11 in Evocations
 12039 | D:10     | Entered Level 10 of the Dungeon
 12046 | D:9      | Received a gift from Nemelex Xobeh
 12627 | D:9      | Found a staircase to the Lair.
 12706 | D:9      | Noticed a swamp dragon
 12707 | D:9      | Received a gift from Nemelex Xobeh
 12711 | D:9      | Killed a swamp dragon
 12987 | D:10     | Learned a level 2 spell: Blink
 12990 | D:10     | Upgraded the game from 0.14-a0-805-gc239e29 to 0.14-a0-836-g5210f43
 13221 | D:10     | Found Faawetz's Weapon Emporium.
 13239 | D:10     | Reached skill level 12 in Evocations
 13303 | D:10     | Noticed a hill giant
 13316 | D:10     | Killed a hill giant
 13544 | D:10     | Reached XP level 11. HP: 77/77 MP: 25/25
 13563 | D:10     | Received a gift from Nemelex Xobeh
 13947 | D:10     | Received a gift from Nemelex Xobeh
 14362 | D:10     | Reached skill level 5 in Fighting
 14701 | D:11     | Noticed Maurice
 14719 | D:11     | Killed Maurice
 14778 | D:11     | Received a gift from Nemelex Xobeh
 14833 | D:11     | Noticed a hill giant
 14847 | D:11     | Killed a hill giant
 14948 | D:11     | Noticed a hill giant
 14976 | D:11     | Killed a hill giant
 15135 | D:11     | Noticed a hill giant
 15153 | D:11     | Killed a hill giant
 15304 | D:11     | Received a gift from Nemelex Xobeh
 15515 | D:11     | Noticed Josephine
 15525 | D:11     | Killed Josephine
 15671 | D:11     | Found a staircase to the Orcish Mines.
 15677 | D:11     | Noticed a hill giant
 15690 | D:11     | Killed a hill giant
 15955 | D:11     | Received a gift from Nemelex Xobeh
 16120 | D:11     | Noticed a hill giant
 16129 | D:11     | Killed a hill giant
 16301 | D:12     | Found Nuerimm's Magical Wand Shop.
 16374 | D:12     | Killed an unseen horror
 16374 | D:12     | Reached skill level 13 in Evocations
 16455 | D:12     | Found Surekk Rioph's Jewellery Boutique.
 16490 | D:12     | Found Wokie's Book Shop.
 16513 | D:12     | Noticed a six-headed hydra
 16527 | D:12     | Killed a six-headed hydra
 16737 | D:12     | Noticed Nessos
 16742 | D:12     | Killed Nessos
 16762 | D:12     | Noticed a five-headed hydra
 16762 | D:12     | Received a gift from Nemelex Xobeh
 16832 | D:12     | Found Kluat's Antique Weapon Shop.
 16843 | D:12     | Killed an unseen horror
 16844 | D:12     | Noticed Sonja
 17166 | D:9      | Gained mutation: You have a pair of antennae on your head. [demonic ancestry]
 17166 | D:9      | Reached XP level 12. HP: 88/88 MP: 27/27
 17195 | Lair:1   | Entered Level 1 of the Lair of Beasts
 17883 | Lair:1   | Noticed Fannar
 17915 | Lair:1   | Killed Fannar
 18711 | Lair:2   | Received a gift from Nemelex Xobeh
 19285 | D:12     | Killed Sonja
 19404 | D:12     | Noticed Gastronok
 19453 | Orc:1    | Entered Level 1 of the Orcish Mines
 19453 | Orc:1    | Noticed Grum
 19596 | Orc:1    | Killed Grum
 19618 | Orc:1    | Found Xojakasi's General Store.
 19691 | D:12     | Bought the ring of Shrok {+Blink +Inv rPois MP+9 Str+2} for 868 gold pieces
 19992 | Lair:3   | Received a gift from Nemelex Xobeh
 20041 | Lair:3   | Reached skill level 14 in Evocations
 20235 | Lair:3   | Noticed an eight-headed hydra
 20406 | Lair:3   | Reached skill level 1 in Armour
 21166 | Lair:3   | Found a staircase to the Shoals.
 21248 | Lair:3   | Received a gift from Nemelex Xobeh
 21402 | Lair:3   | Killed an eight-headed hydra
 22220 | Lair:4   | Reached XP level 13. HP: 36/97 MP: 13/29
 22314 | Lair:4   | Upgraded the game from 0.14-a0-836-g5210f43 to 0.14-a0-840-g06343e3
 22376 | Lair:4   | Noticed a four-headed hydra
 22388 | Lair:4   | Killed a four-headed hydra
 23079 | Lair:4   | Identified Lee's Grimoire of the Rocks and Combat Magic
 23300 | Lair:5   | Reached skill level 10 in Fighting
 23301 | Lair:5   | Received a gift from Nemelex Xobeh
 23635 | Lair:5   | Received a gift from Nemelex Xobeh
 23652 | Lair:5   | Reached skill level 5 in Armour
 24030 | Lair:5   | Received a gift from Nemelex Xobeh
 24111 | Lair:5   | Got a brightly glowing trident
 24112 | Lair:5   | Identified the cursed -1,+2 trident "Pluuse" {pierce, rPois Str+3} (You found it on level 5 of the Lair of Beasts)
 24112 | Lair:5   | Identified the cursed -1,+2 trident "Pluuse" {pierce, rPois Str+3} (You found it on level 5 of the Lair of Beasts)
 24164 | Lair:5   | Gained mutation: You have a slow metabolism. [helix card]
 25264 | Lair:6   | Found a hole to the Spider Nest.
 25383 | Lair:6   | Received a gift from Nemelex Xobeh
 26580 | Lair:7   | Received a gift from Nemelex Xobeh
 27410 | Lair:8   | Entered Level 8 of the Lair of Beasts
 27411 | Lair:8   | Found a staircase to the Slime Pits.
 27665 | Lair:8   | Gained mutation: You have a pair of large antennae on your head (SInv). [demonic ancestry]
 27665 | Lair:8   | Reached XP level 14. HP: 73/107 MP: 26/30
 27673 | Lair:8   | Received a gift from Nemelex Xobeh
 28074 | Lair:8   | Received a gift from Nemelex Xobeh
 28495 | Lair:8   | Received a gift from Nemelex Xobeh
 28559 | Lair:8   | Reached skill level 5 in Dodging
 28698 | Lair:8   | Identified Sif Muna's Grimoire of the Mountains
 28720 | Lair:8   | Received a gift from Nemelex Xobeh
 29022 | Lair:8   | Reached skill level 15 in Unarmed Combat
 29669 | Lair:8   | Reached skill level 15 in Evocations
 30160 | Orc:1    | Noticed Psyche
 30166 | Orc:1    | Killed Psyche
 30233 | Orc:1    | Bought a wand of teleportation (4) for 360 gold pieces
 30357 | Orc:1    | Received a gift from Nemelex Xobeh
 30796 | Orc:2    | Noticed Eustachio
 30803 | Orc:2    | Received a gift from Nemelex Xobeh
 30806 | Orc:2    | Killed Eustachio
 31219 | Orc:2    | Received a gift from Nemelex Xobeh
 31549 | Orc:3    | Received a gift from Nemelex Xobeh
 31700 | Orc:3    | Found a flagged portal.
 31759 | Bailey   | Entered a bailey
 31905 | Bailey   | Received a gift from Nemelex Xobeh
 32231 | Orc:3    | Received a gift from Nemelex Xobeh
 32285 | Orc:4    | Entered Level 4 of the Orcish Mines
 32293 | Orc:4    | Gained mutation: You are robust (+10% HP). [demonic ancestry]
 32293 | Orc:4    | Reached XP level 15. HP: 106/124 MP: 31/31
 32411 | Orc:4    | Gained mutation: You are mostly covered in sharp spines. [demonic ancestry]
 32411 | Orc:4    | Reached XP level 16. HP: 133/133 MP: 32/32
 32464 | Orc:4    | Received a gift from Nemelex Xobeh
 32473 | Orc:4    | Found Ylivimn's General Store.
 32473 | Orc:4    | Found Gaqoin's Assorted Antiques.
 32476 | Orc:4    | Found Walo's Magical Wand Shop.
 32478 | Orc:4    | Found Dizogog's Food Shoppe.
 32642 | Orc:4    | Received a gift from Nemelex Xobeh
 32698 | Orc:4    | Received a gift from Nemelex Xobeh
 32779 | Orc:4    | Received a gift from Nemelex Xobeh
 32928 | Orc:4    | Found a staircase to the Elven Halls.
 32941 | Orc:4    | Received a gift from Nemelex Xobeh
 33077 | Orc:4    | Noticed Blork the orc
 33079 | Orc:4    | Killed Blork the orc
 33116 | Orc:4    | Received a gift from Nemelex Xobeh
 33345 | Orc:4    | Bought a scroll of recharging for 165 gold pieces
 33381 | Orc:4    | Found a burning altar of Makhleb.
 33540 | Orc:4    | Bought a potion of heal wounds for 90 gold pieces
 33540 | Orc:4    | Bought a potion of curing for 60 gold pieces
 33540 | Orc:4    | Bought a scroll of identify for 60 gold pieces
 33540 | Orc:4    | Bought a scroll of identify for 60 gold pieces
 33540 | Orc:4    | Bought a scroll of fog for 60 gold pieces
 33540 | Orc:4    | Bought a potion of curing for 60 gold pieces
 33540 | Orc:4    | Bought a glowing dwarven buckler for 90 gold pieces
 33960 | D:12     | Killed a five-headed hydra
 33961 | D:12     | Noticed a skeletal warrior
 33969 | D:12     | Received a gift from Nemelex Xobeh
 33976 | D:12     | Killed a skeletal warrior
 33992 | D:12     | Noticed Joseph
 33998 | D:12     | Killed Joseph
 34100 | D:12     | Noticed a skeletal warrior
 34104 | D:12     | Noticed a skeletal warrior
 34105 | D:12     | Killed a skeletal warrior
 34110 | D:12     | Noticed a skeletal warrior
 34121 | D:12     | Killed a skeletal warrior
 34127 | D:12     | Killed a skeletal warrior
 34218 | D:12     | Found Ytakeva's Antique Weapon Shoppe.
 34277 | D:12     | Noticed Erica
 34278 | D:12     | Received a gift from Nemelex Xobeh
 34281 | D:12     | Killed Erica
 34393 | D:12     | Received a gift from Nemelex Xobeh
 34399 | D:12     | Killed Gastronok
 34800 | D:13     | Received a gift from Nemelex Xobeh
 35182 | D:13     | Received a gift from Nemelex Xobeh
 35499 | D:13     | Found a staircase to the Lair.
 35501 | D:13     | the staircase to the Lair was a mimic.
 35542 | D:13     | Received a gift from Nemelex Xobeh
 35595 | D:13     | Found a portal to a secret trove of treasure.
 35840 | D:14     | Received a gift from Nemelex Xobeh
 36112 | D:14     | Received a gift from Nemelex Xobeh
 36317 | D:14     | Got an ichor-stained leather armour
 36318 | D:14     | Identified the cursed +3 leather armour "Ynittud" {Stlth} (You found it on level 14 of the Dungeon)
 36555 | D:14     | Received a gift from Nemelex Xobeh
 37005 | D:14     | Received a gift from Nemelex Xobeh
 37376 | D:15     | Entered Level 15 of the Dungeon
 37555 | D:15     | Received a gift from Nemelex Xobeh
 37754 | D:15     | Upgraded the game from 0.14-a0-840-g06343e3 to 0.14-a0-848-g57a047c
 37826 | D:15     | Received a gift from Nemelex Xobeh
 37840 | D:15     | Reached skill level 16 in Evocations
 38101 | D:15     | Found a staircase to the Vaults.
 38495 | D:15     | Received a gift from Nemelex Xobeh
 38611 | D:16     | Received a gift from Nemelex Xobeh
 39068 | Lair:1   | Gained mutation: You sometimes gain power by taking damage. [demonic ancestry]
 39068 | Lair:1   | Reached XP level 17. HP: 139/143 MP: 33/33
 39689 | D:14     | Received a gift from Nemelex Xobeh
 40616 | D:16     | Received a gift from Nemelex Xobeh
 40917 | D:16     | Received a gift from Nemelex Xobeh
 41195 | D:16     | Reached skill level 1 in Conjurations
 41231 | D:16     | Received a gift from Nemelex Xobeh
 41280 | D:16     | Found a frozen archway.
 41292 | IceCv    | Entered an ice cave
 41399 | IceCv    | Received a gift from Nemelex Xobeh
 41525 | IceCv    | Identified Borgnjor's Reference Book on Black Rituals
 41536 | IceCv    | Got a shimmering tin ring
 41540 | IceCv    | Identified the ring of Lies {MR Dex+4 Dam+4} (You found it in an ice cave)
 42289 | D:16     | Gained mutation: Your magical capacity is low (-10% MP). [helix card]
 42315 | D:16     | Received a gift from Nemelex Xobeh
 42407 | D:17     | Received a gift from Nemelex Xobeh
 42431 | D:17     | Noticed Nergalle
 43128 | D:16     | Received a gift from Nemelex Xobeh
 44163 | D:16     | Received a gift from Nemelex Xobeh
 44384 | D:16     | Received a gift from Nemelex Xobeh
 44609 | D:17     | Killed Nergalle
 44687 | D:17     | Reached XP level 18. HP: 68/151 MP: 28/31
 45066 | D:17     | Gained mutation: Your natural rate of healing is unusually fast. [helix card]
 45426 | D:17     | Received a gift from Nemelex Xobeh
 45948 | D:17     | Reached skill level 17 in Evocations
 46184 | D:17     | Received a gift from Nemelex Xobeh
 46382 | D:17     | Received a gift from Nemelex Xobeh
 47001 | D:18     | Found Rohyatys' Magical Wand Boutique.
 47111 | D:18     | Bought a wand of digging (17) for 462 gold pieces
 47114 | D:18     | Found Celinwiry's Antique Armour Boutique.
 47115 | D:18     | Got a heavily runed leather armour
 47142 | D:18     | Identified the +2 leather armour of the Doldrums {SInv} (You found it on level 18 of the Dungeon)
 47178 | D:18     | Received a gift from Nemelex Xobeh
 47454 | D:18     | Found Sholayh's Magical Wand Boutique.
 47489 | D:18     | Received a gift from Nemelex Xobeh
 47807 | D:18     | Received a gift from Nemelex Xobeh
 47968 | D:18     | Received a gift from Nemelex Xobeh
 48835 | Lair:1   | Reached XP level 19. HP: 157/162 MP: 32/32
 48852 | Lair:1   | Reached skill level 15 in Fighting
 48852 | Lair:1   | Gained mutation: You are powered by pain. [demonic ancestry]
 48852 | Lair:1   | Reached XP level 20. HP: 169/173 MP: 32/32
 49017 | Spider:1 | Entered Level 1 of the Spider Nest
 49275 | Spider:1 | Received a gift from Nemelex Xobeh
 49276 | Spider:1 | Noticed Azrael
 49287 | Spider:1 | Killed Azrael
 49821 | Spider:2 | Noticed Snorg
 49827 | Spider:2 | Received a gift from Nemelex Xobeh
 49828 | Spider:2 | Killed Snorg
 50150 | Spider:2 | Received a gift from Nemelex Xobeh
 50438 | Spider:2 | Received a gift from Nemelex Xobeh
 50508 | Spider:2 | Noticed Kirke
 50516 | Spider:2 | Killed Kirke
 50573 | Spider:2 | Upgraded the game from 0.14-a0-848-g57a047c to 0.14-a0-852-g0ba292f
 50609 | Spider:2 | Received a gift from Nemelex Xobeh
 51682 | Spider:3 | Received a gift from Nemelex Xobeh
 52148 | Spider:4 | Reached skill level 18 in Evocations
 54021 | Spider:5 | Entered Level 5 of the Spider Nest
 54209 | Spider:5 | Received a gift from Nemelex Xobeh
 55498 | Spider:5 | Received a gift from Nemelex Xobeh
 56098 | Lair:1   | Received a gift from Nemelex Xobeh
 56143 | Lair:1   | Learned a level 2 spell: Swiftness
 56317 | Lab      | Entered a labyrinth
 56664 | Lair:1   | Identified a +1 rod of destruction (11/11) (You found it in a labyrinth)
 56769 | Lair:1   | Received a gift from Nemelex Xobeh
 57207 | Lair:1   | Received a gift from Nemelex Xobeh
 57791 | Spider:5 | Received a gift from Nemelex Xobeh
 58310 | Spider:5 | Received a gift from Nemelex Xobeh
 58400 | Spider:5 | Got a gossamer rune of Zot
 59103 | Lair:1   | Upgraded the game from 0.14-a0-852-g0ba292f to 0.14-a0-882-gdff4d47
 59229 | Shoals:1 | Entered Level 1 of the Shoals
 59234 | Shoals:1 | Noticed Donald
 59251 | Shoals:1 | Killed Donald
 59384 | Lair:2   | Received a gift from Nemelex Xobeh
 59458 | Bazaar   | Entered a bazaar
 59461 | Bazaar   | Found Leits' Gadget Boutique.
 59465 | Bazaar   | Found Terynuna's Armour Emporium.
 59475 | Bazaar   | Found Zofrusiu's Distillery.
 59482 | Bazaar   | Bought a potion of porridge for 9 gold pieces
 59482 | Bazaar   | Bought a potion of might for 22 gold pieces
 59482 | Bazaar   | Bought a potion of heal wounds for 27 gold pieces
 59494 | Bazaar   | Found Struygeth's Antique Armour Boutique.
 59499 | Bazaar   | Bought a pair of runed gauntlets for 26 gold pieces
 59531 | Bazaar   | Bought a bottled efreet for 480 gold pieces
 59718 | Shoals:1 | Noticed Urug
 59734 | Shoals:1 | Killed Urug
 59856 | Shoals:1 | Received a gift from Nemelex Xobeh
 60222 | Shoals:1 | Reached skill level 1 in Air Magic
 60355 | Shoals:1 | Reached XP level 21. HP: 170/181 MP: 34/34
 60629 | Shoals:1 | Found Ympuabung's Assorted Antiques.
 60797 | Shoals:2 | Received a gift from Nemelex Xobeh
 60853 | Shoals:2 | Noticed Polyphemus
 60869 | Shoals:2 | Reached skill level 19 in Evocations
 60885 | Shoals:2 | Killed Polyphemus
 61261 | Shoals:2 | Annihilated by an Ice Fiend

Action                   |  1- 3 |  4- 6 |  7- 9 | 10-12 | 13-15 | 16-18 | 19-21 || total
-------------------------+-------+-------+-------+-------+-------+-------+-------++-------
Melee: Unarmed           |    56 |   263 |   312 |   909 |  1045 |  1493 |  1079 ||  5157
       Spear             |   109 |       |       |       |       |       |       ||   109
       Quarterstaff      |       |       |     2 |       |       |       |       ||     2
Throw: Dart              |     2 |    11 |       |       |       |       |       ||    13
       Tomahawk          |       |       |     1 |       |       |       |       ||     1
Invok: Draw One          |       |    27 |   100 |    97 |    76 |   223 |    82 ||   605
       Peek at Two       |       |       |     1 |       |       |     3 |       ||     4
       Deal Four         |       |       |       |     4 |       |     5 |     4 ||    13
       Triple Draw       |       |       |       |     3 |     6 |    13 |     9 ||    31
       Stack Five        |       |       |       |       |       |     2 |       ||     2
 Abil: Evoke Blink       |       |       |       |     1 |     2 |     4 |     1 ||     8
       Evoke Flight      |       |       |       |       |     3 |     4 |    14 ||    21
       Evoke Invisibilit |       |       |       |       |       |     2 |     1 ||     3
Evoke: Wand              |       |     2 |     4 |    55 |    25 |     4 |    14 ||   104
       Deck              |       |       |     3 |       |       |    19 |    50 ||    72
       Miscellaneous     |       |       |       |       |    11 |     4 |     7 ||    22
  Use: Potion            |       |     4 |     3 |     3 |     1 |     4 |    11 ||    26
       Scroll            |       |     5 |    15 |    19 |     7 |    12 |     9 ||    67
 Stab: Sleeping          |       |     1 |       |     4 |     1 |     3 |       ||     9
       Paralysed         |       |       |     2 |    21 |     3 |     2 |     5 ||    33
       Distracted        |       |       |     4 |     6 |     4 |    14 |     4 ||    32
       Confused          |       |       |       |     4 |     2 |       |     2 ||     8
       Betrayed ally     |       |       |       |       |     2 |     2 |       ||     4
       Invisible         |       |       |       |       |       |     2 |     2 ||     4
       Held in net/web   |       |       |       |       |       |     2 |     1 ||     3
       Petrifying        |       |       |       |       |       |       |     1 ||     1
